 Dungeon Crawl Stone Soup version 0.24.1-4-ge52af88ad5 (webtiles) character file.

Game seed: 3149823013251290426, levelgen mode: deterministic

140 Descartes the Magician (level 5, -2/28 HPs)
             Began as a Deep Elf Air Elementalist on Apr 12, 2020.
             Slain by an orc wizard
             ... wielding a +2 dagger of holy wrath
              (3 damage)
             ... on level 2 of the Dungeon.
             The game lasted 00:06:18 (2521 turns).

Descartes the Magician (Deep Elf Air Elementalist)  Turns: 2521, Time: 00:06:18

Health: -2/28      AC:  3    Str:  5    XL:     5   Next: 2%
Magic:  11/13      EV: 14    Int: 21    God:
Gold:   108        SH:  0    Dex: 15    Spells: 11/12 levels left

rFire    . . .     SeeInvis .   i - +0 dagger
rCold    . . .     Gourm    .   (no shield)
rNeg     . . .     Faith    .   a - +0 robe
rPois    .         Spirit   .   (no helmet)
rElec    .         Reflect  .   (no cloak)
rCorr    .         Harm     .   (no gloves)
MR       .....                  l - +0 pair of boots
Stlth    +++.......             (no amulet)
HPRegen  0.09/turn              (no ring)
MPRegen  0.13/turn              (no ring)

@: hasted, very quick
A: no striking features
a: no special abilities


You were on level 2 of the Dungeon.
You were hungry.

You visited 1 branch of the dungeon, and saw 3 of its levels.

You collected 108 gold pieces.

Inventory:

Hand Weapons
 i - a +0 dagger (weapon)
Missiles
 d - 14 stones (quivered)
Armour
 a - a +0 robe (worn)
 g - a +0 leather armour
 l - a +0 pair of boots (worn)
 p - a +0 shield
Scrolls
 b - 2 scrolls of remove curse {unknown}
 f - 2 scrolls of fog {unknown}
 j - a scroll of identify {unknown}
 m - 4 scrolls of teleportation {unknown}
Potions
 e - a potion of haste
 h - a potion of agility {unknown}
 k - a potion of brilliance {unknown}
 n - a potion of curing {unknown}
Comestibles
 c - 3 rations


   Skills:
 + Level 3.4 Dodging
 + Level 3.6 Stealth
 + Level 0.3 Shields
 + Level 4.1 Spellcasting
 + Level 2.4 Conjurations
 + Level 3.6 Air Magic


You had 11 spell levels left.
You knew the following spells:

 Your Spells              Type           Power        Failure   Level  Hunger
a - Shock                 Conj/Air       ###.         3%          1    None

Your spell library contained the following spells:

 Spells                   Type           Power        Failure   Level  Hunger
 Swiftness                Chrm/Air       ##......     9%          2    #......
 Static Discharge         Conj/Air       ###.....     10%         3    ###....
 Airstrike                Air            ###.......   26%         4    ####...
 Lightning Bolt           Conj/Air       ###.......   67%         5    ######.


Dungeon Overview and Level Annotations

Branches:
Dungeon (3/15)

Altars:
Cheibriados


Message History

Confirm with . or Enter, or press ? or * to list all spells.
You can't see any susceptible monsters within range! (Use Z to cast anyway.) Unknown command.
Casting: Shock (safe; 3% risk of failure)
Confirm with . or Enter, or press ? or * to list all spells.
You can't see any susceptible monsters within range! (Use Z to cast anyway.)
There is an open door here.
You hear some strange, mumbled words.
You are confused.
Something hits you but does no damage.
You're too confused to cast spells.
You closely miss something. Something hits you but does no damage.
You bump into the rock wall.
Something hits you but does no damage.
You feel less confused.
You hear some strange, mumbled words.
A puff of flame appears from out of thin air!
The puff of flame hits you!
* * * LOW HITPOINT WARNING * * *
It was a potion of haste.
You feel yourself speed up. Something hits you.
You die...

.#.###############.######......##
.............[.............#.#.#
.#.###############.#....####.#.#
................##.#....# #.#.#
#########.....#.##.#....# #<#.#
####.....#.##.#....######.##
#..'.....'..................
#.##.....#....###########.##
#.##.....#.@_.# #.#
#.##.....#....# #.#
#.##.....#....# ########.#
#.##.....##.#.# #........# ###
#.##.....##...# #.######## ..#
#.##.....###..# #.# ..#
#.##.........># #.# ..#
#.#######.########'##### ..#
#......................#


There were no monsters in sight!

Vanquished Creatures
  Natasha (twice) (D:2)
  A gnoll (D:1)
  2 adders (D:2)
  2 oozes
  A worm (D:3)
  A dart slug (D:1)
  3 leopard geckos
  4 orcs (D:3)
  4 bats
  3 giant cockroaches
  4 goblins
  6 hobgoblins
  5 kobolds
  3 frilled lizards
  7 rats
48 creatures vanquished.

Notes
Turn   | Place    | Note
-------+----------+-------------------------------------------
     0 | D:1      | Descartes the Deep Elf Air Elementalist began the quest for
                  | the Orb.
     0 | D:1      | Reached XP level 1. HP: 10/10 MP: 6/6
   152 | D:1      | Reached XP level 2. HP: 15/15 MP: 0/8
   696 | D:1      | Reached XP level 3. HP: 19/19 MP: 5/9
  1240 | D:2      | Found a snail-covered altar of Cheibriados.
  1530 | D:2      | Noticed Natasha
  1541 | D:2      | Killed Natasha
  1541 | D:2      | Reached XP level 4. HP: 21/24 MP: 4/11
  2143 | D:2      | Noticed Natasha
  2147 | D:2      | Killed Natasha
  2147 | D:2      | Reached skill level 4 in Spellcasting
  2347 | D:3      | Reached XP level 5. HP: 28/28 MP: 4/13
  2348 | D:3      | Noticed an ogre
  2520 | D:2      | HP: 1/28 [something/puff of flame (9)]
  2521 | D:2      | Slain by an orc wizard

Levels and vault maps discovered:
D:1:      scummos_arrival_star, layout_rooms, wad_woods_river_04
D:2:      layout_basic, cheibriados_altar_1, uniq_natasha
D:3:      layout_rooms, first_ration, fedhas_altar_2

Skill      XL: |  1  2  3  4 |
---------------+-------------+-----
Stealth        | 3 |  3.6
Dodging        | 3 |  3.4
Conjurations   | 2 |  2.4
Spellcasting   | 4 |  4.1
Shields        | |  0.3
Air Magic      | |  3.6

Action                   |  1- 3 |  4- 6 || total
-------------------------+-------+-------++-------
Melee: Dagger            |       |     1 ||     1
 Cast: Shock             |    84 |    39 ||   123
  Use: Potion            |       |     1 ||     1
  Eat: Chunk             |     2 |     2 ||     4
Armor: Robe              |    15 |     1 ||    16
Dodge: Dodged            |    29 |     2 ||    31
